 Dungeon Crawl Stone Soup version 0.31-a0-965-g8a8ce12e04 (webtiles) character file.

Game seed: 4774541542073683503

232 LeprechaunX the Changeling (level 6, -11/41 HPs)
             Began as an Octopode Shapeshifter on Oct 27, 2023.
             Mangled by a gnoll
             ... wielding a +0 whip of electrocution
              (17 damage)
             ... on level 3 of the Dungeon.
             The game lasted 00:02:28 (1648 turns).

LeprechaunX the Changeling (Octopode Shapeshifter)  Turns: 1648, Time: 00:02:30

Health: -11/41     AC:  1    Str: 13    XL:     6   Next: 4%
Magic:  6/6        EV: 13    Int: 13    God:
Gold:   69         SH:  0    Dex: 13    Spells: 5/5 levels left

rFire   . .          .
                       - Unarmed
rCold   . . .        (no shield)
rNeg    . . .        (helmet currently unavailable)
rPois   .            (no amulet)
rElec   .            (no ring)
rCorr   .            (no ring)
SInv    .            (no ring)
Will    .....        (no ring)
Stlth   ++           (no ring)
HPRegen 0.26/turn    (no ring)
MPRegen 0.10/turn    (no ring)
                     (no ring)

%: no passive effects
@: beast-form
A: beast (slay +2), almost no armour, amphibious, 8 rings, camouflage 1,
gelatinous body 1, (nimble swimmer 1), tentacles
a: Begin Untransformation


You were on level 3 of the Dungeon.
You were a hulking beast.
You visited 1 branch of the dungeon, and saw 3 of its levels.

You collected 69 gold pieces.

Inventory:

Hand Weapons
 a - a +0 sling
Jewellery
 i - a ring of magical power
Talismans
 b - a beast talisman
 c - a flux talisman
Scrolls
 f - 2 scrolls of teleportation {unknown}
 g - a scroll of poison {unknown}
 h - 2 scrolls of acquirement {unknown}
 k - a scroll of enchant armour {unknown}
 l - a scroll of revelation {unknown}
Potions
 d - a potion of lignification
 e - a potion of heal wounds {unknown}
 j - a potion of brilliance {unknown}


   Skills:
 + Level 2.9 Fighting
 - Level 2.0 Dodging
 + Level 4.1 Unarmed Combat
 * Level 4.8 Shapeshifting


You had 5 spell levels left.
You didn't know any spells.
Your spell library was empty.

Dungeon Overview and Level Annotations

Branches:
Dungeon (3/15)

Altars:
Dithmenos
Xom


Innate Abilities, Weirdness & Mutations

You are a hulking beast.
Your limbs bulge with bestial killing power. (Slay +2)
You cannot wear most types of armour.
You are amphibious.
You can wear up to eight rings at the same time.
Your skin changes colour to match your surroundings (Stealth+).
Your rubbery body absorbs attacks. (AC +1, EV +1)
((You are camouflaged when in or above water. (Stealth+)))
You have tentacles for arms and can constrict up to eight enemies at once.


Message History

There are monsters nearby!
There are monsters nearby!
a - a +0 sling (weapon)
You shoot a sling bullet. The sling bullet hits the gnoll.
The gnoll is moderately wounded.
A gnoll comes into view.
It is wielding a +0 whip of electrocution.
Things that are here:
a +0 mace; the +7 spear of Mapongor {freeze, rC+ Will+ Str+3 Dex+4} The gnoll throws a stone.
The stone misses you.
There is an open door here.
You are now empty-tentacled.
You tentacle-slap the gnoll. You grab the gnoll. You squeeze the gnoll.
The gnoll is moderately wounded.
You constrict the gnoll. The gnoll hits you with a +0 whip.
You completely miss the gnoll. You squeeze the gnoll!
You kill the gnoll!
You have reached level 6!
Unknown command.
You bludgeon the gnoll! Your grab misses the gnoll.
The gnoll is severely wounded.
The gnoll hits you with a +0 flail!
You tentacle-slap the gnoll.
You kill the gnoll!
A gnoll comes into view. It is wielding a +0 club.
The gnoll hits you with a +0 whip of electrocution!
You are electrocuted!
* * * LOW HITPOINT WARNING * * *
Items here: $ )) [ †.
The gnoll shouts!
You tentacle-slap the gnoll. Your grab misses the gnoll.
You squeeze the gnoll, but do no damage.
The gnoll is lightly wounded.
The gnoll closely misses you.
You barely miss the gnoll. You grab the gnoll.
The gnoll is lightly wounded.
You constrict the gnoll, but do no damage.
The gnoll hits you with a +0 whip of electrocution.
* * * LOW HITPOINT WARNING * * *
You are electrocuted!
You die...

#....g.#
#......#
#......#
#...g#######
#....#.....#
#....#.._..#
#####'##...#
#....g##...###
#.....h......#
#.....######.#
#.....# #.##.#
###.#.# #....#
#+#.###.##[#
...........#
...........#
....#.#.##.#
###.#.#.##.#


You could see 2 gnolls.

Vanquished Creatures
  Sigmund (D:3)
  2 gnolls (D:3)
  An adder (D:3)
  A worm (D:2)
  A dart slug (D:2)
  5 orcs (D:3)
  An endoplasm (D:1)
  2 giant cockroaches (D:1)
  7 hobgoblins
  2 quokkas
  6 ball pythons
  2 bats (D:1)
  6 frilled lizards
  2 goblins
  4 kobolds
  2 rats
45 creatures vanquished.

Notes
Turn   | Place    | Note
-------+----------+-------------------------------------------
     0 | D:1      | LeprechaunX the Octopode Shapeshifter began the quest for
                  | the Orb.
     0 | D:1      | Reached XP level 1. HP: 13/13 MP: 1/1
   174 | D:1      | Reached XP level 2. HP: 18/18 MP: 2/2
   770 | D:2      | Found a shadowy altar of Dithmenos.
   808 | D:2      | Reached XP level 3. HP: 23/23 MP: 3/3
  1439 | D:3      | Noticed Sigmund
  1449 | D:3      | Killed Sigmund
  1450 | D:3      | Reached XP level 4. HP: 25/30 MP: 4/4
  1450 | D:3      | Reached XP level 5. HP: 29/35 MP: 5/5
  1601 | D:3      | Found a shimmering altar of Xom.
  1624 | D:3      | Identified the +7 spear of Mapongor {freeze, rC+ Will+
                  | Str+3 Dex+4}
  1644 | D:3      | Reached XP level 6. HP: 35/41 MP: 6/6
  1648 | D:3      | Mangled by a gnoll

Illustrated notes

Levels and vault maps discovered:
D:1:      giann_horns, layout_loops_cross, grunt_decor_fettered
D:2:      layout_basic, basic_altar
D:3:      layout_basic, mainiacjoe_overflow_alcove_1,
          gammafunk_temple_overflow_elements, uniq_sigmund,
          uniq_crazy_yiuf_cottage

Skill      XL: |  1  2  3 |
---------------+----------+-----
Fighting       | 2 |  2.9
Unarmed Combat | 4 |  4.1
Shapeshifting  | 4 |  4.8
Dodging        | |  2.0

Action                     |  1- 3 |  4- 6 || total
---------------------------+-------+-------++-------
  Melee: Unarmed           |    60 |    27 ||    87
         Tentacles         |    11 |     7 ||    18
         Constrict         |    16 |     8 ||    24
   Fire: Sling             |       |     1 ||     1
   Stab: Sleeping          |    12 |       ||    12
 Armour: Skin              |    12 |    15 ||    27
  Dodge: Dodged            |    31 |    20 ||    51

Table legend: (Time is in decaauts)
 A = Elapsed time spent in this place.
 B = Non-inter-level travel time spent in this place.
 C = Inter-level travel time spent in this place.
 D = Time resting spent in this place.
 E = Time spent auto-exploring this place.
 F = Levels seen in this place.
 G = Mean time per level.
                   A        B        C        D        E       F      G
               +--------+--------+--------+--------+--------+-----+--------+
         Total |   1641 |   1588 |     53 |      0 |   1352 |   3 |  547.0 |
       Dungeon |   1641 |   1588 |     53 |      0 |   1352 |   3 |  547.0 |
               +--------+--------+--------+--------+--------+-----+--------+

Top non-repeatable levels by time:
     D:1: 748 daAuts
     D:2: 683 daAuts
     D:3: 210 daAuts
